 Dungeon Crawl Stone Soup version 0.29.1-12-g30fa7ad0bf (webtiles) character file.

Game seed: 11404112894162106899

859 cheesebisquit the Cleaver (level 7, -2/59 HPs)
             Began as a Minotaur Berserker on Jan 7, 2023.
             Was a Believer of Trog.
             Slain by Menkaure (20 damage)
             ... on level 6 of the Dungeon.
             The game lasted 00:16:53 (5501 turns).

cheesebisquit the Cleaver (Minotaur Berserker)      Turns: 5501, Time: 00:16:54

Health: -2/59      AC:  7    Str: 23    XL:     7   Next: 71%
Magic:  6/6        EV: 10    Int:  4    God:    Trog [**....]
Gold:   244        SH:  0    Dex: 10    Spells: 6/6 levels left

rFire   . . .      SeeInvis .   a - +0 hand axe
rCold   . . .      Faith    .   (no shield)
rNeg    + . .      Spirit   .   r - +0 scale mail
rPois   .          Reflect  .   (helmet restricted)
rElec   .          Harm     .   A - +0 cloak
rCorr   .          Rampage  .   (no gloves)
Will    ++...                   (no boots)
Stlth   ..........              (no amulet)
HPRegen 1.19/turn               i - ring of positive energy
MPRegen 0.10/turn               (no ring)

@: strong-willed (expiring), on berserk cooldown, regenerating (expiring),
slowed, studying Unarmed Combat, very slow
A: horns 2, retaliatory headbutt
a: Renounce Religion, Berserk, Trog's Hand


You were on level 6 of the Dungeon.
You worshipped Trog.
Trog was pleased with you.
You visited 1 branch of the dungeon, and saw 6 of its levels.

You collected 244 gold pieces.

Inventory:

Hand Weapons
 a - a +0 hand axe (weapon)
 b - a +0 sling
 s - a +0 mace
Missiles
 c - 93 stones
 y - 8 poisoned darts (quivered)
Armour
 f - a +0 ring mail
 q - a +0 animal skin
 r - a +0 scale mail (worn)
 A - a +0 cloak (worn)
Jewellery
 i - a ring of positive energy (left hand)
 F - an amulet of the acrobat
Wands
 D - a wand of paralysis (14)
Scrolls
 j - a scroll of amnesia {unknown}
 k - a scroll of enchant armour {unknown}
 l - a scroll of silence {unknown}
 m - a scroll of enchant weapon {unknown}
 n - a scroll of noise {unknown}
 p - a scroll of poison {unknown}
 t - a scroll of immolation
 u - a scroll of torment {unknown}
 w - a scroll of vulnerability {unknown}
 x - a scroll of magic mapping {unknown}
 B - a scroll of teleportation {unknown}
 C - a scroll of summoning {unknown}
Potions
 d - 2 potions of heal wounds
 e - 3 potions of brilliance
 g - 2 potions of attraction
 h - 2 potions of curing
 o - a potion of lignification
 v - a potion of resistance {unknown}
 z - 2 potions of might
 E - 2 potions of ambrosia


   Skills:
 - Level 4.0 Fighting
 + Level 10.6 Axes
 - Level 3.0 Armour
 - Level 2.6 Dodging


You had 6 spell levels left.
You didn't know any spells.
Your spell library was empty.

Dungeon Overview and Level Annotations

Branches:
Dungeon (6/15)             Temple (0/1) D:4

Altars:
Hepliaklqana

Shops:
D:4 :

Annotations:
D:6 Menkaure


Innate Abilities, Weirdness & Mutations

You have a pair of horns on your head.
You reflexively headbutt those who attack you in melee.


Message History

A red film seems to cover your vision as you go berserk!
You feel yourself moving faster!
You feel mighty!
The orc shouts!
The orc priest completely misses you. You furiously retaliate!
You headbutt the orc priest!!
You kill the orc priest!
Trog accepts your kill.
You hit the orc. Your headbutt misses the orc.
The orc is moderately wounded.
You slash the orc!
You kill the orc!
Trog accepts your kill.
You feel a strong urge to attack something.
Menkaure calls on the powers of darkness!
The orc convulses!
Your body is wracked with pain!
The orc convulses!
You slash the orc!
You kill the orc!
Trog accepts your kill.
Items here: ))) [ ††.
You feel a strong urge to attack something.
The orc barely misses you. You furiously retaliate!
You headbutt the orc!
You kill the orc!
Trog accepts your kill.
Found a robe.
You are no longer berserk.
You are exhausted.
You feel yourself slow down. Menkaure misses you.
Things that are here:
a +0 club; 7 gold pieces You completely miss Menkaure.
You headbutt Menkaure, but do no damage.
Menkaure hits you!
* * * LOW HITPOINT WARNING * * *
You barely miss Menkaure. Your headbutt misses Menkaure. You slash Menkaure!
Your headbutt misses Menkaure. You punch Menkaure, but do no damage.
Menkaure is moderately damaged.
You feel the effects of Trog's Hand fading.
Menkaure hits you!!
You die...

######### #.......#
#.......# # ##.......#
#. #........# #..
#........#
###...#######.......##
......M@.)..'.......#
.......######..)....#
....... #.......###
....... ##+####†..##
....... ............
.....[. .#..###...##
...#... # #...#
...#... #...# #...#


You could see Menkaure.

Vanquished Creatures
  A water moccasin (D:5)
  An ogre (D:5)
  A bullfrog (D:6)
  3 scorpions
  A howler monkey (D:5)
  A jelly (D:5)
  Crazy Yiuf (D:3)
  A hound (D:4)
  2 orc priests
  2 orc wizards
  9 adders
  An ufetubus (D:5)
  2 dart slugs (D:4)
  14 orcs
  9 ball pythons
  11 endoplasms
  4 giant cockroaches
  5 goblins
  9 hobgoblins
  8 jackals
  8 kobolds
  4 quokkas
  5 bats
  2 frilled lizards
  3 rats (D:1)
108 creatures vanquished.

Vanquished Creatures (others)
  An adder (D:4)
  A plant (D:1)
2 creatures vanquished.

Grand Total: 110 creatures vanquished

Notes
Turn   | Place    | Note
-------+----------+-------------------------------------------
     0 | D:1      | cheesebisquit the Minotaur Berserker began the quest for
                  | the Orb.
     0 | D:1      | Reached XP level 1. HP: 19/19 MP: 0/0
    97 | D:1      | Reached XP level 2. HP: 14/27 MP: 1/1
   526 | D:1      | Reached skill level 4 in Axes
   598 | D:1      | Found a faded altar of an unknown god.
   938 | D:1      | Reached XP level 3. HP: 33/33 MP: 2/2
  1030 | D:2      | Reached ** piety under Trog
  1302 | D:2      | Reached skill level 5 in Axes
  1812 | D:3      | Reached XP level 4. HP: 40/40 MP: 3/3
  1929 | D:3      | Found a runed translucent door.
  2684 | D:3      | Noticed Crazy Yiuf
  2913 | D:3      | Killed Crazy Yiuf
  2914 | D:3      | Reached skill level 6 in Axes
  2996 | D:3      | Reached XP level 5. HP: 38/46 MP: 4/4
  3312 | D:4      | Found Siuseug's Book Shop.
  3361 | D:4      | Reached skill level 7 in Axes
  3689 | D:4      | Reached XP level 6. HP: 26/52 MP: 5/5
  4128 | D:4      | Reached skill level 8 in Axes
  4292 | D:4      | Found a staircase to the Ecumenical Temple.
  4400 | D:5      | Entered Level 5 of the Dungeon
  4578 | D:5      | Noticed a water moccasin
  4586 | D:5      | Killed a water moccasin
  4626 | D:5      | Reached skill level 9 in Axes
  4675 | D:5      | Reached XP level 7. HP: 44/59 MP: 6/6
  4968 | D:5      | Found a hazy altar of Hepliaklqana.
  5217 | D:5      | Reached skill level 10 in Axes
  5489 | D:6      | Noticed Menkaure
  5501 | D:6      | Slain by Menkaure

Illustrated notes

Levels and vault maps discovered:
D:1:      minmay_arrival_shattered_statue, layout_rooms,
          shapermc_ecumenical_altar_acropolis
D:2:      layout_loops_corners
D:3:      layout_loops_ring, uniq_crazy_yiuf_cottage
D:4:      layout_basic, lemuel_temple_firewalk_a, serial_shops,
          kennysheep_mini_moat
D:5:      layout_loops_cross, mainiacjoe_overflow_24_doors
D:6:      layout_basic, uniq_menkaure, uniq_edmund

Skill      XL: |  1  2  3  4  5  6  7 |
---------------+----------------------+-----
Fighting       | 4 |  4.0
Axes           | 4 5 6 7 9 10 | 10.6
Armour         | 3 |  3.0
Dodging        | |  2.6

Action                   |  1- 3 |  4- 6 |  7- 9 || total
-------------------------+-------+-------+-------++-------
Melee: Hand axe          |    76 |   134 |    44 ||   254
       Headbutt          |    12 |    21 |     8 ||    41
       Punch             |       |     2 |     2 ||     4
Invok: Berserk           |     1 |     2 |     2 ||     5
       Trog's Hand       |       |     3 |     2 ||     5
  Use: Potion            |       |     1 |       ||     1
       Scroll            |       |     5 |     2 ||     7
Armor: Animal skin       |     1 |       |       ||     1
       Ring mail         |    19 |     4 |       ||    23
       Scale mail        |       |    50 |     6 ||    56
Dodge: Dodged            |    41 |    65 |    23 ||   129
